Map: Mech Depot LE

Players

Harstem - Winner!

  • Race: Protoss Protoss
  • Spawn Location: 7:00

Namshar

  • Race: Zerg Zerg
  • Spawn Location: 1:00

Event: WCS Montreal 2017

VOD

Have the link to the VOD?

Description

Time

  • Played on: Sept. 8, 2017, 6:43 p.m.
  • Length: 18:55

All games in this series

Show
View Real Time Build Order
Export as new Build Order

Harstem Protoss - Winner!

Build Orders: Nexus First, Oracle Opening, Archon Immortal, Zealot Archon 

Get SALT Encoding   

  12  0:01  Probe (Chrono Boost)  
  13  0:12  Probe (Chrono Boost)  
  14  0:22  Pylon  
  14  0:23  Probe (Chrono Boost)  
  15  0:40  Probe (Chrono Boost)  
  16  0:50  Probe (Chrono Boost)  
  17  0:58  Nexus  
  17  1:09  Gateway  
  17  1:12  Probe (Chrono Boost)  
  17  1:17  Assimilator  
  18  1:22  Probe (Chrono Boost)  
  19  1:27  Assimilator  
  19  1:33  Probe (Chrono Boost)  
  20  1:43  Probe (Chrono Boost)  
  21  1:47  Gateway  
  22  1:54  Probe (Chrono Boost)  
  22  1:56  Cybernetics Core  
  22  2:05  Probe (Chrono Boost)  
  23  2:10  Probe (Chrono Boost)  
  23  2:15  Probe (Chrono Boost)  
  25  2:21  Probe (Chrono Boost)  
  26  2:26  Probe (Chrono Boost)  
  27  2:31  Probe (Chrono Boost)  
  27  2:33  Warp Gate  
  27  2:35  Adept (Chrono Boost)  
  27  2:36  Probe, Adept (Chrono Boost)  
  33  2:39  Pylon  
  33  2:43  Probe  
  34  2:48  Probe  
  35  2:55  Probe (Chrono Boost)  
  36  2:58  Stargate  
  36  2:59  Stalker (Chrono Boost)  
  36  3:04  Probe (Chrono Boost)  
  39  3:07  Probe (Chrono Boost)  
  39  3:10  Pylon  
  40  3:15  Probe (Chrono Boost)  
  40  3:17  Probe (Chrono Boost)  
  40  3:19  Pylon  
  42  3:25  Probe (Chrono Boost)  
  43  3:28  Probe (Chrono Boost)  
  44  3:38  Probe (Chrono Boost)  
  44  3:40  Twilight Council  
  46  3:43  Oracle (Chrono Boost)  
  44  3:50  Probe, Nexus  
  46  3:55  Mothership Core, Pylon  
  46  4:02  Probe  
  47  4:13  Zealot x2  
  47  4:14  Probe (Chrono Boost)  
  47  4:15  Assimilator  
  47  4:16  Probe (Chrono Boost), Charge (Chrono Boost)  
  53  4:17  Assimilator  
  53  4:26  Probe (Chrono Boost)  
  53  4:27  Probe (Chrono Boost)  
  55  4:34  Pylon  
  55  4:35  Robotics Facility  
  55  4:37  Probe  
  56  4:38  Probe  
  56  4:40  Nexus  
  56  4:43  Pylon  
  57  4:49  Probe x2  
  58  5:04  Nexus  
  58  5:05  Gateway  
  58  5:07  Gateway  
  58  5:08  Gateway  
  58  5:09  Gateway  
  58  5:10  Gateway  
  58  5:15  Gateway  
  58  5:22  Warp Prism (Chrono Boost)  
  58  5:25  Templar Archives  
  58  5:27  Probe  
  61  5:33  Zealot x2  
  65  5:37  Probe  
  66  5:43  Probe  
  66  5:47  Pylon  
  66  5:48  Probe  
  68  5:51  Forge  
  68  5:53  Pylon  
  68  5:55  Probe  
  69  5:57  Zealot  
  69  5:58  Probe  
  72  6:05  Zealot  
  72  6:07  Probe  
  72  6:09  Probe  
  76  6:14  Pylon  
  76  6:19  Probe  
  76  6:24  High Templar x4  
  76  6:25  Zealot x4  
  81  6:27  Probe x2  
  81  6:29  Archon  
  81  6:30  Archon  
  87  6:42  Probe x3 (Chrono Boost)  
  87  6:45  Pylon  
  90  6:47  High Templar x2, Zealot  
  90  6:48  Zealot  
  90  6:52  Archon, Pylon  
  90  6:53  Probe (Chrono Boost)  
  99  6:56  Zealot x3  
  103  7:03  Zealot  
  103  7:05  Probe (Chrono Boost)  
  103  7:08  Sentry x2  
  98  7:09  Probe (Chrono Boost)  
  98  7:11  Psionic Storm  
  98  7:13  Probe (Chrono Boost)  
  102  7:20  Probe (Chrono Boost)  
  102  7:21  Protoss Ground Weapons Level 1  
  103  7:23  Assimilator  
  103  7:32  Zealot x5  
  103  7:36  Pylon  
  113  7:40  Assimilator  
  113  7:46  Zealot x3  
  113  7:49  Probe  
  120  7:52  Pylon  
  118  8:02  Zealot x3  
  118  8:03  Zealot x2  
  128  8:06  High Templar  
  128  8:07  High Templar  
  104  8:20  Immortal (Chrono Boost)  
  104  8:21  High Templar  
  90  8:27  Zealot x4  
  90  8:28  Zealot, Pylon x2  
  90  8:33  Probe x2  
  102  8:46  High Templar x2  
  102  8:48  Photon Cannon  
  106  8:52  Immortal (Chrono Boost)  
  106  8:53  Robotics Facility  
  106  8:54  Archon  
  106  8:55  High Templar  
  112  9:00  Zealot  
  111  9:06  Oracle (Chrono Boost)  
  111  9:07  Nexus  
  114  9:14  Photon Cannon  
  114  9:15  Pylon  
  114  9:16  Zealot x2  
  118  9:19  Probe  
  118  9:24  Immortal  
  119  9:27  High Templar x2  
  119  9:31  Protoss Ground Weapons Level 2 (Chrono Boost)  
  127  9:32  Pylon  
  127  9:37  Probe x2  
  129  9:40  Probe, Assimilator  
  129  9:44  Assimilator  
  128  9:46  Zealot x3  
  128  9:49  Probe  
  135  9:52  Zealot  
  135  9:53  Zealot  
  135  9:58  Immortal  
  143  10:10  High Templar  
  139  10:17  Pylon  
  139  10:19  Pylon  
  139  10:20  Probe  
  140  10:22  Photon Cannon, Pylon  
  140  10:23  High Templar x2  
  144  10:32  Zealot x2  
  146  10:44  Immortal x2 (Chrono Boost)  
  146  10:46  Archon  
  146  10:48  High Templar x2  
  146  10:49  Zealot x2  
  158  10:53  Pylon  
  158  11:00  Pylon  
  158  11:04  Zealot x4  
  158  11:06  Pylon  
  158  11:07  Pylon  
  158  11:09  Archon  
  165  11:15  Stalker x2  
  165  11:19  Immortal (Chrono Boost)  
  165  11:24  Zealot x5  
  165  11:25  Zealot  
  160  11:40  Zealot x2  
  160  11:48  Zealot x6  
  160  11:52  Probe  
  171  11:59  Dark Shrine  
  171  12:00  Zealot x2  
  153  12:09  Zealot x3  
  153  12:10  Zealot  
  153  12:12  Probe  
  153  12:14  High Templar  
  164  12:21  Assimilator  
  164  12:24  Mothership Core  
  164  12:26  High Templar x2  
  164  12:27  High Templar, Immortal (Chrono Boost)  
  164  12:28  Observer (Chrono Boost)  
  169  12:33  High Templar, Archon  
  169  12:34  High Templar x2  
  175  12:42  Archon  
  175  12:43  Archon  
  173  12:45  Probe (Chrono Boost)  
  173  12:46  Immortal (Chrono Boost)  
  176  13:03  Probe (Chrono Boost)  
  177  13:07  Immortal, Fleet Beacon  
  177  13:09  Protoss Ground Weapons Level 3  
  177  13:12  Photon Cannon  
  181  13:22  Photon Cannon  
  181  13:24  Zealot x7  
  193  13:30  Dark Templar  
  195  13:54  Dark Templar x2  
  199  13:58  Dark Templar x2  
  192  14:02  Immortal  
  192  14:04  Zealot x2  
  198  14:10  Observer  
  198  14:14  Dark Templar  
  197  14:36  Stalker  
  199  14:40  Assimilator  
  199  14:43  Stargate  
  199  14:44  Pylon  
  199  14:45  Stargate  
  199  14:47  Observer  
  198  15:02  Dark Templar  
  200  15:12  Pylon  
  200  15:21  Nexus  
  196  15:26  Pylon  
  196  15:29  Dark Templar  
  196  15:43  Oracle (Chrono Boost)  
  193  15:54  Dark Templar x3, Zealot  
  193  15:55  Zealot  
  190  16:13  Probe  
  190  16:16  Carrier (Chrono Boost)  
  189  16:21  Dark Templar  
  189  16:22  Dark Templar x2, Zealot x2  
  198  16:31  Zealot x2  
  182  16:58  Zealot x3  
  182  16:59  Nexus, Zealot x5  
  194  17:19  Zealot x2  
  194  17:20  Zealot x6  
  166  17:40  Gateway  
  166  17:48  Gateway  
  166  17:49  Immortal  
  166  17:51  Dark Templar x2, Zealot x3  
  162  18:11  Probe  
  161  18:13  Probe  
  161  18:17  Zealot x3  
  167  18:49  Pylon  
  167  18:50  Pylon  
  167  18:51  Pylon  
  167  18:54  Pylon  
Show
View Real Time Build Order
Export as new Build Order

Namshar Zerg 

Build Orders: Hatch First 

Get SALT Encoding   

  12  0:00  Drone  
  13  0:12  Overlord  
  13  0:16  Drone  
  14  0:30  Drone x2  
  14  0:34  Drone  
  17  0:51  Hatchery  
  17  0:54  Drone  
  17  0:57  Drone  
  18  1:08  Extractor  
  17  1:12  Spawning Pool  
  17  1:15  Drone  
  18  1:18  Drone  
  18  1:27  Drone  
  19  1:38  Overlord  
  19  1:49  Drone  
  20  1:59  Queen, Zergling x2  
  23  2:03  Queen, Zergling x2  
  23  2:07  Metabolic Boost  
  26  2:11  Drone  
  26  2:14  Drone  
  28  2:22  Drone  
  29  2:28  Drone  
  30  2:35  Hatchery  
  30  2:36  Zergling x2  
  30  2:39  Drone  
  30  2:43  Drone  
  32  2:47  Queen  
  34  2:53  Overlord  
  34  2:56  Drone  
  35  3:05  Overlord  
  34  3:11  Zergling x4  
  34  3:12  Zergling x4  
  38  3:14  Overlord  
  38  3:16  Drone x2  
  40  3:22  Drone  
  40  3:23  Queen  
  43  3:28  Drone x2  
  45  3:41  Drone x5  
  47  3:43  Zergling x2  
  47  3:46  Queen  
  52  3:51  Drone  
  52  3:52  Drone x3  
  56  3:56  Overlord  
  56  4:07  Zergling x6  
  56  4:09  Spore Crawler  
  58  4:11  Spore Crawler, Drone x2  
  58  4:13  Drone  
  58  4:14  Spore Crawler  
  58  4:16  Drone  
  60  4:18  Overlord  
  60  4:20  Drone x2  
  62  4:27  Drone x4  
  66  4:31  Overlord  
  66  4:32  Drone x2  
  68  4:39  Lair  
  68  4:42  Evolution Chamber  
  68  4:43  Drone  
  68  4:44  Drone x3  
  68  4:56  Drone  
  68  4:57  Drone x5  
  73  5:04  Extractor  
  73  5:05  Extractor  
  71  5:11  Extractor, Drone x3  
  71  5:12  Extractor x2, Drone x2  
  71  5:13  Drone x4  
  77  5:18  Overlord, Zerg Missile Weapons Level 1  
  77  5:21  Drone  
  78  5:26  Drone x2  
  80  5:33  Hatchery  
  79  5:36  Zergling x4  
  79  5:37  Zergling x10  
  79  5:41  Hydralisk Den  
  85  5:44  Hatchery  
  85  5:45  Drone x2  
  85  5:46  Overlord  
  85  5:47  Drone  
  87  6:07  Overlord x5  
  88  6:13  Muscular Augments, Hydralisk x5  
  98  6:24  Hydralisk  
  98  6:25  Hydralisk x3  
  105  6:34  Hydralisk x2  
  105  6:35  Zergling x2  
  99  6:41  Hydralisk x4  
  104  6:48  Zergling x2, Hydralisk  
  104  6:49  Zergling x2  
  102  7:04  Hydralisk x3  
  108  7:12  Zergling x2, Hydralisk  
  108  7:13  Zergling x2  
  113  7:18  Hatchery  
  113  7:21  Hydralisk x3  
  115  7:33  Zergling x2, Hydralisk x3  
  115  7:34  Zergling x2  
  123  7:48  Hydralisk x2  
  123  7:49  Zergling x2  
  127  7:53  Queen  
  129  8:04  Hydralisk x5  
  122  8:17  Hydralisk  
  122  8:18  Hydralisk  
  114  8:20  Hydralisk  
  114  8:21  Zergling x2  
  112  8:27  Hydralisk x2  
  112  8:29  Drone  
  112  8:30  Drone x4  
  121  8:42  Zerg Missile Weapons Level 2  
  121  8:53  Overlord  
  119  9:02  Overlord x4  
  119  9:04  Queen  
  119  9:08  Hydralisk x4  
  129  9:11  Pneumatized Carapace  
  129  9:16  Hydralisk x2  
  133  9:17  Hatchery  
  133  9:23  Hydralisk x3  
  138  9:30  Hydralisk x3  
  144  9:39  Hydralisk x3  
  150  9:52  Hydralisk x2  
  152  9:54  Overlord  
  154  10:03  Drone x4  
  154  10:10  Queen  
  156  10:26  Hydralisk x6  
  168  10:33  Hydralisk x4  
  168  10:34  Hydralisk x3  
  181  10:43  Baneling Nest  
  181  10:46  Extractor  
  181  10:47  Extractor  
  179  10:53  Hydralisk  
  179  10:54  Hydralisk x2  
  185  10:58  Hatchery  
  185  10:59  Lurker Den  
  185  11:02  Zerg Ground Armor Level 1  
  184  11:08  Hydralisk x2  
  178  11:38  Hydralisk x2  
  178  11:39  Hydralisk x7  
  178  11:53  Overlord  
  178  11:54  Overlord x2  
  153  12:11  Queen  
  153  12:13  Drone x7  
  156  12:28  Hydralisk x6  
  168  12:35  Drone  
  168  12:36  Extractor  
  168  12:40  Spore Crawler, Extractor, Drone x5  
  168  12:41  Spine Crawler, Drone x3  
  168  12:43  Spine Crawler  
  172  12:50  Spine Crawler  
  172  12:51  Spine Crawler, Drone x4  
  170  13:16  Hydralisk x10  
  190  13:24  Hydralisk x5  
  200  13:42  Zerg Ground Armor Level 2  
  200  14:23  Overseer  
  197  14:24  Overseer  
  197  14:52  Drone x2, Hatchery  
  198  14:59  Hatchery  
  195  15:02  Lurker x2  
  195  15:03  Lurker x3  
  194  15:24  Lurker x2  
  194  15:25  Lurker x4  
  200  15:37  Overseer  
  188  16:03  Hydralisk  
  188  16:04  Hydralisk x5  
  190  16:31  Hydralisk  
  190  16:32  Hydralisk x14  
  162  16:48  Hydralisk x9  
  162  16:52  Drone x2  
  162  16:53  Drone x9  
  188  16:56  Overseer x2  
  175  17:09  Hydralisk x6  
  183  17:22  Hydralisk x5  
  141  17:30  Hydralisk x6  
  148  17:46  Hydralisk x3  
  85  18:12  Lurker  
  85  18:13  Lurker x2  
Tags
 
Add a new tag
Caveats
  • Supply blocks, unpowered buildings, or Contaminate may cause inaccurate times.
  • Supply counts are checked every 10 seconds.